 Dungeon Crawl Stone Soup version 0.31-a0-222-gefeffbb62a (webtiles) character file.

Game seed: 2319545231580182099

323 qw the Chopper (level 6, -5/38 HPs)
             Began as a Gargoyle Fighter on July 5, 2023.
             Slain by a yak (11 damage)
             ... on level 4 of the Dungeon.
             The game lasted 00:01:27 (3286 turns).

qw the Chopper (Gargoyle Fighter)                   Turns: 3286, Time: 00:01:27

Health: -5/38      AC: 14    Str: 22    XL:     6   Next: 47%
Magic:  6/6        EV:  8    Int:  8    God:
Gold:   273        SH:  4    Dex:  9    Spells: 5/5 levels left

rFire   . . .        Y - +3 war axe
rCold   . . .        c - +0 buckler
rNeg    + . .        m - +0 chain mail
rPois   inf          k - +0 helmet
rElec   +            (no cloak)
rCorr   .            (no gloves)
SInv    .            (no boots)
Will    +....        (no amulet) Stlth
                     i - ring of willpower
HPRegen 0.26/turn    (no ring)
MPRegen 0.10/turn

%: no passive effects
@: no status effects
A: sickness immunity, AC +4, negative energy resistance 1, electricity
resistance, torment resistance 1, petrification resistance
a: no special abilities


You were on level 4 of the Dungeon.
You visited 1 branch of the dungeon, and saw 4 of its levels.
You also visited: Sewer.

You collected 273 gold pieces.


Innate Abilities, Weirdness & Mutations

You are immune to sickness and miasma.
Your stone body is resilient. (AC +4)
You are immune to poison.
You resist negative energy. (rN+)
You are resistant to electric shocks. (rElec)
You are resistant to unholy torment.
You are immune to petrification.


   Skills:
 - Level 4.0 Fighting
 + Level 5.7 Axes
 - Level 3.2 Armour
 - Level 3.2 Shields


You had 5 spell levels left.
You didn't know any spells.
Your spell library was empty.

Inventory:

Hand Weapons
 a - a +0 mace
 Y - a +3 war axe (weapon)
Armour
 c - a +0 buckler (worn)
 k - a +0 helmet (worn)
 m - a +0 chain mail (worn)
Jewellery
 i - a ring of willpower (left hand)
Scrolls
 e - a scroll of teleportation
Potions
 b - a potion of lignification
 d - 2 potions of might
 g - a potion of heal wounds
 h - 6 potions of curing
 j - a potion of invisibility {unknown}
 l - a potion of enlightenment {unknown}
 n - a potion of magic {unknown}
 o - a potion of haste {unknown}
 p - a potion of attraction {unknown}

Dungeon Overview and Level Annotations

Branches:
Dungeon (4/15)              Sewer (visited)
 Temple: D:4-7

Altars:


Message History

Enter note: A yak comes into view.
The yak bellows!
You hear a shout!
A yak comes into view.
Enter note:
Enter note: The yak bellows!
A yak comes into view.
The yak bellows!
A goblin comes into view. It is wielding a +0 club.
The goblin shouts!
You hit the yak.
The yak is lightly wounded.
The yak gores you but does no damage. The yak barely misses you.
You hit the yak.
The yak is moderately wounded.
You slash the yak!
The yak is moderately wounded.
You hit the yak. You block the yak's attack.
You hit the yak.
The yak is moderately wounded.
You barely miss the yak. The yak gores you but does no damage.
The yak gores you!
You slash the yak!
The yak is severely wounded.
You hit the yak. x2
The yak gores you but does no damage. The yak closely misses you.
You block the yak's attack. The yak gores you! You block the yak's attack.
The yak gores you but does no damage.
You closely miss the yak.
The yak is severely wounded.
You slash the yak! You hit the yak. The yak gores you but does no damage.
The yak gores you. You block the yak's attack.
You hit the yak.
The yak is severely wounded.
You hit the yak. You barely miss the yak. You hit the goblin.
The yak gores you. x2; The goblin hits you but does no damage.
The yak gores you!
You die...

........# ........#
........# ........######
.............#
.............#
......YYg....#
......Y@########
........##.....#
.........##.....#
......................>.#
..................#.....#
..................#######
..................#
..................#
.................##


You could see 3 yaks and a goblin.

Vanquished Creatures
  A kobold brigand (Sewer)
  2 hounds
  12 adders
  3 river rats (Sewer)
  3 worms (Sewer)
  A dart slug (D:3)
  3 bats
  4 endoplasms
  3 giant cockroaches
  6 goblins
  4 hobgoblins
  8 kobolds
  3 quokkas
  6 ball pythons
  2 rats
61 creatures vanquished.

Notes
Turn   | Place    | Note
-------+----------+-------------------------------------------
     0 | D:1      | qw the Gargoyle Fighter began the quest for the Orb.
     0 | D:1      | Reached XP level 1. HP: 14/14 MP: 1/1
     0 | D:1      | 0 ||| qw: Version: 0.3-a-46-gb1f654a
     0 | D:1      | 0 ||| qw: Game counter: 1054
     0 | D:1      | 0 ||| qw: Melee chars always use a shield: true
     0 | D:1      | 0 ||| qw: God list: Okawaru
     0 | D:1      | 0 ||| qw: Allow faded altars: false
     0 | D:1      | 0 ||| qw: Do Orc after clearing Dungeon:15 true
     0 | D:1      | 0 ||| qw: Do second Lair branch before Depths: true
     0 | D:1      | 0 ||| qw: Lair rune preference: random
     0 | D:1      | 0 ||| qw: Goals: Normal, Zot:1-4, Slime:5, God:TSO, Crypt,
                  | Tomb, Abyss, Pan, Hells, Win
     0 | D:1      | 0 ||| PLANNING D:1-11
   266 | D:1      | Reached skill level 2 in Axes
   313 | D:1      | Found a faded altar of an unknown god.
   521 | D:1      | Reached XP level 2. HP: 19/19 MP: 2/2
   597 | D:1      | 597 ||| Stepping ~*~*~tactically~*~*~ (hiding).
   980 | D:1      | 980 ||| UPGRADING to +0 chain mail.
   990 | D:1      | 990 ||| DROPPING +0 scale mail.
   991 | D:1      | 991 ||| UPGRADING to ring of willpower.
   992 | D:1      | 992 ||| READING scroll labelled CEX SUOLADAG.
   993 | D:1      | 993 ||| READING scroll labelled SOWECO OFIEPLE.
   994 | D:1      | 994 ||| READING scroll labelled GOERCH UXEOQ.
   995 | D:1      | 995 ||| READING scroll labelled ADOITA ZOOSSAKE.
  1006 | D:1      | 1006 ||| READING scroll labelled XICWASMUEQE.
  1069 | D:2      | 1069 ||| DROPPING +0 club.
  1119 | D:2      | Reached skill level 3 in Axes
  1119 | D:2      | Reached XP level 3. HP: 23/23 MP: 3/3
  1833 | D:2      | 1833 ||| UPGRADING to +0 helmet.
  1838 | D:2      | 1838 ||| READING scroll labelled PISSIUSESE.
  1839 | D:2      | 1839 ||| READING scroll labelled GOFIER HITOQOA.
  1840 | D:2      | 1840 ||| READING scroll labelled IJOWOF USAST.
  1844 | D:2      | 1844 ||| DRINKING 2 red potions.
  1845 | D:2      | 1845 ||| DROPPING potion of degeneration.
  1866 | D:3      | 1866 ||| PLANNING SEWER
  1929 | D:3      | 1929 ||| Stepping ~*~*~tactically~*~*~ (stealth).
  1974 | D:3      | 1974 ||| Stepping ~*~*~tactically~*~*~ (stealth).
  1985 | D:3      | Reached XP level 4. HP: 28/28 MP: 4/4
  2009 | D:3      | 2009 ||| READING 2 scrolls of enchant weapon.
  2009 | D:3      | 2009 ||| ENCHANTING +1 war axe.
  2010 | D:3      | 2010 ||| READING scroll of enchant weapon.
  2010 | D:3      | 2010 ||| ENCHANTING +2 war axe.
  2061 | D:3      | Reached skill level 4 in Axes
  2283 | D:3      | 2283 ||| Stepping ~*~*~tactically~*~*~ (stealth).
  2335 | D:3      | Found a glowing drain.
  2366 | D:3      | 2366 ||| READING scroll labelled QOTIOC POELUE.
  2367 | D:3      | 2367 ||| DRINKING 2 cyan potions.
  2368 | D:3      | 2368 ||| DRINKING 5 murky coppery potions.
  2380 | D:3      | Reached XP level 5. HP: 27/32 MP: 5/5
  2403 | Sewer    | Entered a sewer
  2406 | Sewer    | 2406 ||| Stepping ~*~*~tactically~*~*~ (stealth).
  2414 | Sewer    | Reached skill level 5 in Axes
  2444 | Sewer    | 2444 ||| Stepping ~*~*~tactically~*~*~ (water).
  2536 | Sewer    | 2536 ||| Stepping ~*~*~tactically~*~*~ (stealth).
  2552 | Sewer    | 2552 ||| Stepping ~*~*~tactically~*~*~ (water).
  2617 | Sewer    | 2617 ||| Stepping ~*~*~tactically~*~*~ (water).
  2643 | Sewer    | 2643 ||| Stepping ~*~*~tactically~*~*~ (water).
  2644 | Sewer    | 2644 ||| FLEEEEING.
  2758 | Sewer    | Noticed a kobold brigand
  2759 | Sewer    | 2759 ||| Stepping ~*~*~tactically~*~*~ (hiding).
  2770 | Sewer    | Killed a kobold brigand
  2771 | Sewer    | Reached XP level 6. HP: 28/38 MP: 6/6
  2814 | Sewer    | 2814 ||| READING scroll labelled CUDIUPPA ECOTTEE.
  2815 | Sewer    | 2815 ||| DRINKING 2 lumpy silvery potions.
  2892 | D:3      | 2892 ||| PLANNING D:1-11
  3274 | D:4      | Noticed a yak
  3274 | D:4      | Noticed a yak
  3276 | D:4      | Noticed a yak
  3286 | D:4      | HP: 6/38 [yak (5)]
  3286 | D:4      | Slain by a yak

Levels and vault maps discovered:
D:1:      dpeg_arrival_round_b, layout_loops_corners,
          hellmonk_ecumenical_altar_arch_garden,
          amcnicky_mini_rare_corridor_liquid, minmay_hedge_maze,
          chequers_serial_rivers_small_b, palyth_stone_intersect
D:2:      layout_basic, serial_corexii_hall, corexii_hall_statues_t,
          corexii_hall_statues_l, hex_tiny, chequers_avenue, grunt_ministairs_7
D:3:      layout_loops_cross, gup_sewer_entry_glass
D:4:      layout_basic

Skill      XL: |  1  2  3  4  5 |
---------------+----------------+-----
Axes           | 2 3 4 5 |  5.7
Fighting       | 4 |  4.0
Armour         | |  3.2
Shields        | |  3.2

Action                     |  1- 3 |  4- 6 || total
---------------------------+-------+-------++-------
  Melee: War axe           |    73 |   155 ||   228
    Use: Scroll            |     8 |     4 ||    12
         Potion            |     1 |     3 ||     4
 Armour: Scale mail        |    18 |       ||    18
         Chain mail        |    25 |    90 ||   115
  Dodge: Dodged            |    35 |    61 ||    96
  Block: Buckler           |    21 |    25 ||    46

Table legend:
 A = Non-vault XP
 B = Vault XP
 C = Vault XP percentage of total XP
 D = Non-vault monster count
 E = Vault monster count
 F = Vault count percentage of total count
                 A         B        C        D         E       F
            +---------+---------+-------+---------+---------+-------
      Total |     189 |     273 |  59.1 |      35 |      26 |  42.6
            +---------+---------+-------+---------+---------+-------
        D:1 |      13 |       0 |   0.0 |       7 |       0 |   0.0
        D:2 |      37 |      13 |  26.0 |       8 |       1 |  11.1
        D:3 |      87 |      54 |  38.3 |      14 |       5 |  26.3
        D:4 |      52 |       0 |   0.0 |       6 |       0 |   0.0
      Sewer |       0 |     206 | 100.0 |       0 |      20 | 100.0
            +---------+---------+-------+---------+---------+-------
